 Dungeon Crawl Stone Soup version 0.17.0-24-gcfadda4 (console) character file.

46 gw the Chopper (level 3, 34/34 HPs)
             Began as a Deep Dwarf Berserker on Nov 15, 2015.
             Was a Follower of Trog.
             Starved to death
             ... on level 2 of the Dungeon.
             The game lasted 00:08:04 (3487 turns).

gw the Chopper (Deep Dwarf Berserker)               Turns: 3487, Time: 00:08:04

Health: 34/34      AC:  6    Str: 17 (20) XL:     3   Next: 46%
Magic:  4/4        EV: 11    Int:  7      God:    Trog [*.....]
Gold:   92         SH:  0    Dex: 13      Spells: 0 memorised, 2 levels left

rFire  . . .     SeeInvis .     a - +0 hand axe
rCold  . . .     Clarity  .     o - +0 ring mail
rNeg   . . .     SustAt   .     (no shield)
rPois  .         Gourm    .     (no helmet)
rElec  .         Spirit   .     (no cloak)
rCorr  .         Warding  .     (no gloves)
rMut   .         Stasis   .     m - +0 pair of boots
MR     .....                    (no amulet)
Stlth  +.........               (no ring)
                                (no ring)

@: fainting, non-regenerating, not resistant to hostile enchantments, very
unstealthy
A: damage resistance, recharge devices, sense surroundings 1, slow regeneration
3
a: Device Recharging, Berserk, Burn Spellbooks, Renounce Religion


You were on level 2 of the Dungeon.
You worshipped Trog.
Trog was aware of your devotion.
You were fainting.

You visited 1 branch of the dungeon, and saw 2 of its levels.

You collected 92 gold pieces.

Inventory:

Hand Weapons
 a - a +0 hand axe (weapon)
Missiles
 i - 28 bolts
Armour
 m - a +0 pair of boots (worn)
 o - a +0 ring mail (worn)
Wands
 c - a wand of heal wounds (4)
Scrolls
 f - a scroll of identify


   Skills:
 + Level 3.1 Fighting
 * Level 4.0 Axes
 + Level 2.7 Armour
 - Level 2.1 Dodging
 - Level 1.3 Evocations


You had 2 spell levels left.
You didn't know any spells.

Dungeon Overview and Level Annotations

Branches:
Dungeon (2/15)

Altars:
Trog


Innate Abilities, Weirdness & Mutations

You are resistant to damage.
You can recharge devices by infusing magical energy.
You passively map a small area around you.
You do not regenerate naturally.


Message History

ATTACK MOVE TO (0,1) ATTACK MOVE TO (1,0) ATTACK MOVE TO (0,1) ATTACK MOVE TO (1,0) ATTACK MOVE TO (0,1) ATTACK MOVE TO (1,0) ATTACK MOVE TO (0,1) ATTACK MOVE TO (1,0) ATTACK MOVE TO (0,1) ATTACK MOVE TO (1,0) ATTACK MOVE TO (0,1) ATTACK MOVE TO (1,0) ATTACK MOVE TO (0,1) ATTACK MOVE TO (1,0) ATTACK MOVE TO (0,1) ATTACK MOVE TO (1,0) ATTACK MOVE TO (0,1) ATTACK MOVE TO (1,0)
You have starved to death.
You die...

######## ######
#......###
#....###.####.##.
#.##...#.####.##.
####'####...<.......
##.......##....##.##.
##.........##...##.##)
#....g......#......##.
#....###....##.###.###
#...##y##...##.##.....
#....###....#.........
##.........##...#.....
#.).._...)##...#..>..
##.)...).##....#..)..
###...######..#.....
*####* #..#.....


You could see a moth of wrath.

Table legend:
 A = Turns spent in this place as a percentage of turns spent in the entire game.
 B = Non-inter-level travel turns spent in this place as a percentage of non-inter-level travel turns spent in the entire game.
 C = Inter-level travel turns spent in this place as a percentage of turns spent in this place.
 D = Turns resting spent in this place as a percentage of non-inter-level travel turns spent in this place.
 E = Turns spent auto-exploring this place as a percentage of non-inter-level travel turns spent in this place.
 F = Non-inter-level travel turns spent in this place divided by the number of levels of this place that you've seen.
                   A       B       C       D       E      F
               +-------+-------+-------+-------+-------+----------------------
         Total | 100.0 | 100.0 |   0.0 |   0.0 |   0.4 | 7043.5
       Dungeon | 100.0 | 100.0 |   0.0 |   0.0 |   0.4 | 7043.5
               +-------+-------+-------+-------+-------+----------------------

Table legend:
 A = Kills in this place as a percentage of kills in entire the game.
 B = Kills by you in this place as a percentage of kills by you in the entire game.
 C = Kills by friends in this place as a percentage of kills by friends in the entire game.
 D = Other kills in this place as a percentage of other kills in the entire game.
 E = Experience gained in this place as a percentage of experience gained in the entire game.
 F = Experience gained in this place divided by the number of levels of this place that you have seen.
                   A       B       C       D       E      F
               +-------+-------+-------+-------+-------+----------------------
         Total | 100.0 | 100.0 |  -nan |  -nan | 100.0 |  33.5
       Dungeon | 100.0 | 100.0 |  -nan |  -nan | 100.0 |  33.5
               +-------+-------+-------+-------+-------+----------------------

Vanquished Creatures
  An ooze (D:1)
  A worm (D:2)
  2 giant geckos (D:1)
  2 giant cockroaches (D:1)
  5 hobgoblins
  6 kobolds
  A ball python (D:1)
  11 goblins (D:1)
  7 rats
36 creatures vanquished.

Notes
Turn   | Place    | Note
--------------------------------------------------------------
     0 | D:1      | gw the Deep Dwarf Berserker began the quest for the Orb.
     0 | D:1      | Reached XP level 1. HP: 20/20 MP: 1/1
   159 | D:1      | Reached XP level 2. HP: 22/27 MP: 2/2
   494 | D:1      | Reached ** piety under Trog
   494 | D:1      | Reached skill level 1 in Evocations
   650 | D:1      | Reached XP level 3. HP: 27/34 MP: 4/4
  1047 | D:2      | Noticed a moth of wrath
  1050 | D:2      | Found a bloodstained altar of Trog.
  1062 | D:2      | Reached skill level 4 in Axes
  3487 | D:2      | Starved to death

Action                   || total
-------------------------++-------
Melee: Hand axe          ||   107
Invok: Berserk           ||    11
       Trog's Hand       ||     7
Evoke: Wand              ||     1
  Use: Scroll            ||     4
       Potion            ||     4
 Stab: Sleeping          ||     1
  Eat: Chunk             ||     3
       Meat ration       ||     2
       Bread ration      ||     1

Vault maps used:
D:1:      scummos_arrival_checkerplants
D:2:      elyvilon_altar_5, grunt_temple_overflow_cloverleaf, first_bread,
          tgw_trog
